Cogmind - Beta 14 @@@ ROGUE MODE // 2025.03.29 @ 19:23:04 Player: Anting Result: Self-destructed Performance ------------- Evolutions (6) 3000 Regions Visited (27) 5400 Robots Destroyed (362) 1810 Value Destroyed (16951) 16951 Prototype IDs (48) 960 Alien Tech Used (1) 200 Bonus (6875) 6875 TOTAL SCORE: 35196 Bonus ------- High Alert Combat Kills 2222 Follower Combat Kills 2160 Awakened Behemoth Slayer 1000 Entered Garrisons 200 Network Hubs Disabled 200 Met Imprinter 300 Acquired ECA 300 Met Zhirov 300 Met Warlord at Base 500 MAIN.C Attacked Warlord 500 Built Enhanced Grunts 300 Met R17 at Cetus 500 Friendly Fire -1607 Cogmind --------- Core Integrity 484/1150 Matter 259/300 Energy 515/515 System Corruption 20% Temperature Cool (0) Movement Walking (187) Ox1 Location -3/Proximity Caves Parts ------- > --- POWER (2) -------- Angular Momentum Engine Neutrino Core > --- PROPULSION (4) --- Improved VSS Leg Advanced Myomer Leg Advanced Myomer Leg Advanced Myomer Leg > --- UTILITY (10) ----- Advanced Heat Sink Advanced Cooling System Huge Storage Unit Experimental Signal Interpreter Advanced Terrain Scanner Advanced Terrain Scan Processor Advanced Target Analyzer Experimental Core Analyzer Makeshift Light Armor Plating (fused) Improved Hacking Suite > --- WEAPON (3) ------- Field Laser Wave Gun KE Penetrator > --- INVENTORY (25) --- Heavy Treads Flexi-carbon Leg Armored Wheel Xenon Bombardment Thruster Advanced Cooling System Energy Well (350) Matter Compressor (250) Quantum Capacitor Improved Transmission Jammer Advanced ECM Suite Experimental Core Shielding Graphene Brace EM Disruption Field Advanced Hardlight Generator Improved Energy Mantle Advanced Hacking Suite Authchip [Weapon] Advanced Recalibrator Transdimensional Reconstructor Spear CR-A16's Behemoth Slayer Peak State ------------ > --- POWER ------------ Vortex Chain Reactor > --- PROPULSION ------- Heavy Treads Centrium Heavy Treads > --- UTILITY ---------- Advanced Cooling System Huge Storage Unit Long-range Terrain Scanner Advanced Terrain Scan Processor Advanced Targeting Computer Experimental Core Analyzer Improved Transmission Jammer Centrium Medium Armor Plating Experimental Focal Shield Improved Hacking Suite > --- WEAPON ----------- Enhanced Force Rifle Advanced Variable Charge Gun Advanced Variable Charge Gun > --- INVENTORY -------- Quantum Reactor Advanced Cooling System Large Battery Energy Well Matter Compressor Advanced Sensor Array Advanced Target Analyzer Quantum Capacitor Advanced ECM Suite Centrium Medium Armor Plating Graphene Brace Improved Thermal Shield EM Disruption Field Improved Energy Mantle Authchip [Weapon] Plasma Cannon Vortex Cannon Vortex Cannon Missile Launcher CR-A16's Behemoth Slayer [Rating: 145] Favorites ----------- Power Neutrino Core Engine Angular Momentum Engine Power Core Neutrino Core Reactor Quantum Reactor Propulsion Armored Treads Treads Armored Treads Leg Flexi-carbon Leg Wheel Wheel Utility Advanced Targeting Computer Device Improved Heat Sink Storage High-capacity Storage Unit Processor Advanced Targeting Computer Hackware Improved Hacking Suite Protection Hardened Medium Armor Plating Weapon Enhanced Autogun Energy Gun Force Rifle Energy Cannon Advanced Beam Cannon Ballistic Gun Enhanced Autogun Ballistic Cannon Light Cannon Launcher Missile Launcher Slashing Weapon Ionic Axe Piercing Weapon CR-A16's Behemoth Slayer Build | -11 -10 -10 -9 -9 -8 -8 -8 -7 -7 -7 -7 -6 -6 -6 -6 -6 -6 -5 -5 -5 -5 -4 -4 -4 -4 -4 -3 ------- Run | Yrd Mat Min Mat Min Mat Gar Mat Fac Low Low Zio Pro Fac Ext Cet Arc Hub Fac Upp Upp War Pro Fac Upp Upp Zhi Pro Slots Evolved 12 | . . . 2 . 2 . . 2 . . . . 2 . . . . 2 . . . . 2 . . . . Power 1 | . . . . . . . . . . . . . . . . . . 1 . . . . . . . . . Propulsion 2 | . . . 1 . . . . 1 . . . . . . . . . . . . . . . . . . . Utility 8 | . . . . . 2 . . 1 . . . . 2 . . . . 1 . . . . 2 . . . . Weapon 1 | . . . 1 . . . . . . . . . . . . . . . . . . . . . . . . Parts Attached 393 | 7 16 5 21 3 11 21 17 9 6 2 1 10 35 10 14 11 17 37 . 10 21 8 74 9 1 16 1 Power 22 | 1 . 1 1 . . 2 1 . . . . . 1 . 2 . 1 3 . . 1 . 6 . 1 1 . Engine 8 | 1 . 1 1 . . 1 . . . . . . . . . . . 3 . . . . . . . 1 . Core 4 | . . . . . . 1 1 . . . . . . . 1 . . . . . . . . . 1 . . Reactor 10 | . . . . . . . . . . . . . 1 . 1 . 1 . . . 1 . 6 . . . . Propulsion 64 | 2 5 1 6 1 3 7 6 1 . . . 1 5 1 3 1 1 1 . . . . 9 4 . 6 . Treads 47 | . 3 1 6 1 3 7 6 1 . . . 1 5 1 3 1 1 1 . . . . 5 1 . . . Leg 12 | 2 2 . . . . . . . . . . . . . . . . . . . . . . 3 . 5 . Wheel 5 | . . . . . . . . . . . . . . . . . . . . . . . 4 . . 1 . Hover . | . . . . . . . . . . . . . . . . . . . . . . . . . . . . Flight . | . . . . . . . . . . . . . . . . . . . . . . . . . . . . Utility 178 | 2 7 2 2 . 4 3 3 7 5 1 . 3 20 9 5 10 6 21 . 9 9 4 39 1 . 5 1 Device 116 | 1 5 2 1 . 1 3 1 2 3 1 . 3 11 8 4 9 3 10 . 7 8 3 26 1 . 2 1 Storage 8 | 1 2 . 1 . . . . . . . . . . . . . 2 . . . . . 2 . . . . Processor 12 | . . . . . 2 . . 1 . . . . 2 . . . . 2 . . 1 . 3 . . 1 . Hackware 10 | . . . . . . . . 2 . . . . 1 . . . . 4 . . . . 3 . . . . Protection 32 | . . . . . 1 . 2 2 2 . . . 6 1 1 1 1 5 . 2 . 1 5 . . 2 . Artifact . | . . . . . . . . . . . . . . . . . . . . . . . . . . . . Weapon 129 | 2 4 1 12 2 4 9 7 1 1 1 1 6 9 . 4 . 9 12 . 1 11 4 20 4 . 4 . Energy Gun 71 | 2 2 1 6 . 3 6 . . . . . . 3 . 3 . 8 7 . 1 9 3 13 2 . 2 . Energy Cannon 19 | . 1 . 3 . 1 . 1 1 . . . . 1 . 1 . 1 2 . . 2 . 5 . . . . Ballistic Gun 15 | . . . 3 1 . . 5 . 1 1 . 2 . . . . . . . . . . . 1 . 1 . Ballistic Cannon 5 | . 1 . . . . . 1 . . . . 1 2 . . . . . . . . . . . . . . Launcher 12 | . . . . 1 . 3 . . . . . 2 2 . . . . 1 . . . 1 2 . . . . Special Weapon . | . . . . . . . . . . . . . . . . . . . . . . . . . . . . Impact Weapon . | . . . . . . . . . . . . . . . . . . . . . . . . . . . . Slashing Weapon 1 | . . . . . . . . . . . . . . . . . . 1 . . . . . . . . . Piercing Weapon 6 | . . . . . . . . . . . 1 1 1 . . . . 1 . . . . . 1 . 1 . Special Melee Weapon . | . . . . . . . . . . . . . . . . . . . . . . . . . . . . Unidentified Prototypes 32 | . . 1 3 . 2 . 1 1 . . . . 3 . 3 . . 3 . . 8 . 3 . . 4 . Corrupted Parts 12 | . . . . . . . 3 . . . . . . . 3 1 3 . . 1 . . 1 . . . . System Corruption 81 | . . . . . . . 21 . . . . . . . 16 10 17 . . 9 . . 8 . . . . Parts Lost 56 | . . 2 1 . . 2 . . . . . 1 2 . . . 5 1 . 2 . 2 28 7 2 . 1 Power 7 | . . 1 1 . . . . . . . . . . . . . . . . . . . 3 . 2 . . Propulsion 11 | . . 1 . . . 1 . . . . . . . . . . . . . . . . 6 3 . . . Utility 18 | . . . . . . . . . . . . . 1 . . . 2 1 . 2 . . 9 2 . . 1 Weapon 20 | . . . . . . 1 . . . . . 1 1 . . . 3 . . . . 2 10 2 . . . Highest Loss Streak 5 | . . 1 1 . . 1 . . . . . 1 1 . . . 3 1 . 1 . 1 5 4 2 . 1 To Critical Strikes . | . . . . . . . . . . . . . . . . . . . . . . . . . . . . Average Slot Usage (%) 94 | . 100 99 99 100 99 99 99 100 100 100 100 99 99 100 97 82 84 86 82 87 84 82 84 90 78 71 97 Engine 3 | . 14 13 10 11 9 6 . . . . . . . . . . . 10 11 11 5 . . . . 2 5 Core 2 | . . . . . . 2 8 7 7 7 7 7 2 . 3 . . . . . . . . . 2 5 5 Reactor 1 | . . . . . . . . . . . . . 3 6 2 6 5 . . . 2 5 6 10 5 . . Treads 20 | . 15 27 33 33 27 26 27 30 30 30 30 29 25 26 23 13 13 10 11 11 11 11 7 2 5 2 . Leg 1 | . 12 . . . . . . . . . . . . . . . . . . . . . . 9 5 11 21 Device 12 | . 14 13 11 11 16 18 10 8 7 7 7 7 12 15 12 13 11 5 11 19 20 17 14 16 18 18 12 Storage 7 | . 14 14 11 11 9 9 9 7 7 7 7 7 6 6 6 6 6 5 5 5 5 5 5 5 5 5 5 Processor 12 | . . . . . 9 9 9 15 15 15 15 15 14 20 20 20 20 17 17 11 13 17 17 19 15 15 21 Hackware 2 | . . . . . . . . 3 . . . . 4 . . . . 13 5 2 . . 7 5 5 5 5 Protection 3 | . . . . . 1 . 7 2 7 7 7 7 6 4 6 2 6 1 . 4 5 5 4 3 . 2 5 Energy Gun 10 | . 15 15 14 11 15 20 3 . . . . . 8 13 14 20 18 13 11 16 16 16 12 8 10 . 10 Energy Cannon 2 | . 6 12 7 11 10 6 . 1 . . . . 1 6 4 . . . 5 . . . 1 . . . . Ballistic Gun 7 | . . . 10 10 1 . 23 20 23 23 20 19 6 . . . . . . . . . . 1 5 . 5 Peak Build Rating 145 | 7 10 17 22 23 32 41 51 61 59 59 59 65 77 77 107 107 112 116 116 116 141 139 145 128 113 127 125 Average Rating 71 | 5 9 11 19 22 30 34 46 57 58 59 59 59 71 73 87 101 104 109 115 113 123 135 128 116 104 100 121 On Entrance 71 | . 7 10 14 22 23 31 41 50 54 53 59 59 58 77 70 107 105 98 116 116 113 137 139 108 113 96 125 Naked Turns . | . . . . . . . . . . . . . . . . . . . . . . . . . . . . Heaviest Build 155 | 13 30 45 58 58 65 65 73 78 79 72 72 81 90 82 88 85 129 134 133 133 145 145 155 146 146 129 128 Greatest Support 160 | 20 40 40 60 60 60 60 70 90 90 90 90 90 90 90 160 160 160 160 160 160 160 160 150 70 70 105 105 Greatest Overweight (x) 15 | . . 1 . . 1 1 1 . . . . . 1 . . . . . . . . . 15 13 2 3 1 Average Overweight (x) . | . . . . . . . 1 . . . . . . . . . . . . . . . 1 3 1 1 1 Largest Inventory Capacity 25 | 8 15 15 20 20 20 20 20 20 20 20 20 20 20 20 20 20 25 25 25 25 25 25 25 25 25 25 25 Average Capacity 20 | 7 11 15 16 20 20 20 20 20 20 20 20 20 20 20 20 20 23 25 25 25 25 25 25 25 25 25 25 Most Carried 25 | 3 10 15 20 20 20 20 20 19 20 20 20 20 20 20 20 20 20 25 25 25 25 25 25 21 20 25 23 Average Carried 19 | 2 9 13 16 19 19 19 19 18 19 20 20 19 19 19 19 19 19 21 24 24 24 24 21 18 18 23 22 Final Capacity 25 | 8 15 15 20 20 20 20 20 20 20 20 20 20 20 20 20 20 25 25 25 25 25 25 25 25 25 25 25 Final Carried 25 | 3 9 14 20 20 20 20 20 19 20 20 20 20 20 20 20 20 14 25 25 25 25 23 22 17 20 22 23 Class Distribution -------------------- 21% | Scavenger-Gunner 18% | Gunner 14% | Skirmisher 12% | Mutant 9% | Commander-Gunner 8% | Scavenger-Skirmisher 3% | Hacker-Skirmisher Dominant Class ---------------- Mutant | -10/Materials Mutant | -10/Mines Scavenger-Gunner | -9/Materials Gunner | -9/Mines Scavenger-Gunner | -8/Materials Scavenger-Gunner | -8/Garrison Gunner | -8/Materials Skirmisher | -7/Factory Skirmisher | -7/Lower Caves Skirmisher | -7/Lower Caves Skirmisher | -7/Zion Skirmisher | -6/Proximity Caves Tank | -6/Factory Commander-Gunner | -6/Extension Commander-Gunner | -6/Cetus Commander-Gunner | -6/Archives Commander-Gunner | -6/Hub_04(d) Hacker-Skirmisher | -5/Factory Scavenger-Gunner | -5/Upper Caves Scavenger-Skirmisher | -5/Upper Caves Scavenger-Skirmisher | -5/Warlord Scavenger-Skirmisher | -4/Proximity Caves Scavenger-Gunner | -4/Factory Scavenger-Mutant | -4/Upper Caves Scavenger-Tank | -4/Upper Caves Mutant | -4/Zhirov Scavenger-Gunner | -3/Proximity Caves Resources | -11 -10 -10 -9 -9 -8 -8 -8 -7 -7 -7 -7 -6 -6 -6 -6 -6 -6 -5 -5 -5 -5 -4 -4 -4 -4 -4 -3 ----------- Run | Yrd Mat Min Mat Min Mat Gar Mat Fac Low Low Zio Pro Fac Ext Cet Arc Hub Fac Upp Upp War Pro Fac Upp Upp Zhi Pro Matter Collected 7047 | 237 486 39 270 120 126 254 795 338 110 78 . 234 959 227 166 133 90 502 36 141 227 101 795 87 253 139 104 Remotely . | . . . . . . . . . . . . . . . . . . . . . . . . . . . . Salvage Created 17253 | 17 825 176 823 121 687 1272 1629 460 101 49 . 334 930 937 120 447 500 1278 . 1000 . 468 3758 352 267 470 232 Parts 769 | 3 47 10 47 12 39 72 66 30 3 . . 14 36 58 7 37 34 43 . 16 . 12 144 7 10 7 15 Haulers Intercepted 13 | . 2 . 3 . 3 . 5 . . . . . . . . . . . . . . . . . . . . Recyclers Shooed 12 | . 2 . . . 1 . 6 . . . . . 1 1 . . . 1 . . . . . . . . . Parts Field Recycled . | . . . . . . . . . . . . . . . . . . . . . . . . . . . . Retrieved Matter . | . . . . . . . . . . . . . . . . . . . . . . . . . . . . Parts Self-Destructed 102 | . . . . . . . . . 8 . . 16 . . . . . . . 20 . 12 . 6 20 3 17 Prevented 2 | . . . . . . . . . . 2 . . . . . . . . . . . . . . . . . Kills | -11 -10 -10 -9 -9 -8 -8 -8 -7 -7 -7 -7 -6 -6 -6 -6 -6 -6 -5 -5 -5 -5 -4 -4 -4 -4 -4 -3 ------- Run | Yrd Mat Min Mat Min Mat Gar Mat Fac Low Low Zio Pro Fac Ext Cet Arc Hub Fac Upp Upp War Pro Fac Upp Upp Zhi Pro Combat Hostiles Destroyed 271 | . 16 4 11 3 7 37 22 7 4 1 . 9 17 11 1 1 2 19 . 17 . 11 54 4 7 . 6 Melee 2 | . . . . . . . . . . . . 1 . . . . . 1 . . . . . . . . . Guns 164 | . 6 3 11 . 5 18 22 6 4 1 . 2 7 6 . 1 2 6 . 10 . 8 30 3 7 . 6 Cannons 41 | . 9 . . 1 1 9 . 1 . . . 1 3 3 . . . 1 . . . . 12 . . . . AOE 37 | . . . . 2 . 9 . . . . . 4 6 . . . . 6 . . . 1 9 . . . . Classes Destroyed 20 | 1 5 1 2 . 1 2 4 . . . . 2 . . . . 1 . . 1 . . . . . . . Worker 10 | . 1 . 2 1 1 . . 3 . . . . . . . . 1 . . . . . 1 . . . . Builder 8 | . . . 1 . 1 . 1 . . . . . 1 1 . . 1 . . . . . 2 . . . . Tunneler 7 | 1 1 . 2 1 . . 1 . . . . . 1 . . . . . . . . . . . . . . Hauler 13 | . 2 . 3 . 3 . 5 . . . . . . . . . . . . . . . . . . . . Recycler 13 | . 1 . 1 . 1 . 2 2 . . . . 1 1 . . . 3 . . . . 1 . . . . Mechanic 3 | . . . . . . . 1 . . . . . . . . . . . . . . . 2 . . . . Operator 11 | . . . . . 1 . . 1 . . . . . . . 9 . . . . . . . . . . . Drone 2 | . . . . . . . . . . . . 1 . . . . . . . . . . . . . . 1 Watcher 26 | . 3 . 4 . 1 1 5 1 . . . . 2 1 1 . 1 3 . . . . 3 . . . . Swarmer 50 | . . . 2 . . 14 2 3 4 . . 1 3 . . . . 4 . 3 . 5 . . 5 . 4 Cutter 2 | . . . . . . 2 . . . . . . . . . . . . . . . . . . . . . Saboteur 1 | . . . . . . . . . . . . . . . . . . . . 1 . . . . . . . Grunt 119 | . 16 2 4 3 5 12 12 1 . 1 . 5 8 1 . . . 7 . 4 . 3 30 3 2 . . Brawler 5 | . . . . . . . 2 . . . . . . . . . . . . 3 . . . . . . . Duelist 6 | . . . . . . . 1 . . . . . . . . . . . . 2 . 2 1 . . . . Protector 1 | . . . . . . . . . . . . . . . . . 1 . . . . . . . . . . Sentry 41 | . . 2 5 . 2 7 4 1 . . . 1 2 7 . 1 . 1 . 2 . 1 4 . . . 1 Hunter 18 | . . . . . . . 1 2 . . . . 2 . . . 1 3 . 1 . . 8 . . . . Programmer 21 | . . . . . . 2 . . . . . . 2 2 . . . 4 . . . . 11 . . . . Behemoth 4 | . . . . . . . . . . . . 1 . 1 . . . . . 1 . . . 1 . . . Cetus Guard 1 | . . . . . . . . . . . . . . . 1 . . . . . . . . . . . . Enhanced Grunt 2 | . . . . . . . . . . . . . . . . . 2 . . . . . . . . . . Thug 1 | . . . . . . . . . . . . . . . . . 1 . . . . . . . . . . Savage 1 | . . . . . . . . . . . . . . . . . 1 . . . . . . . . . . Best Kill Streak 12 | 1 4 2 9 5 4 12 10 4 4 1 . 4 11 2 1 4 2 8 . 5 . 3 8 3 5 . 4 Combat Bots Only 12 | . 3 2 5 3 2 12 7 3 4 1 . 4 8 2 1 1 1 7 . 5 . 3 7 3 5 . 4 Max Kills in Single Turn 4 | 1 1 1 1 1 1 3 2 1 2 1 . 2 2 1 1 2 4 3 . 2 . 1 2 1 1 . 2 Gunslinging 1 | . . . . . . . . . 1 . . . . . . . . . . 1 . . . . . . 1 Exploded 3 | . . . . 1 . 3 . . . . . 2 2 . . . . 2 . . . 1 2 . . . . Melee 1 | . . . . . . . . . . . . 1 . . . . . 1 . . . . . . . . . Uniques/NPCs Destroyed . | . . . . . . . . . . . . . . . . . . . . . . . . . . . . Combat | -11 -10 -10 -9 -9 -8 -8 -8 -7 -7 -7 -7 -6 -6 -6 -6 -6 -6 -5 -5 -5 -5 -4 -4 -4 -4 -4 -3 -------- Run | Yrd Mat Min Mat Min Mat Gar Mat Fac Low Low Zio Pro Fac Ext Cet Arc Hub Fac Upp Upp War Pro Fac Upp Upp Zhi Pro Hostile Shots Fired 1590 | . 72 26 40 4 16 100 65 51 17 . . 48 160 26 12 2 92 85 . 92 2 59 460 72 61 . 28 Missed 439 | . 21 5 11 1 4 30 21 21 5 . . 13 52 5 4 1 21 18 . 24 . 11 127 19 18 . 7 Damage Taken 19467 | . 642 301 393 92 202 950 689 311 142 . . 528 1305 169 225 24 2404 1153 . 1174 38 1004 5962 869 408 . 482 Core 1559 | . 26 15 28 36 48 122 71 37 . . . . 98 5 . . 167 138 . 84 . 18 558 28 30 . 50 Absorbed by Shields 1361 | . . . . . . . . . 37 . . 168 300 55 12 . . . . . . . 392 129 268 . . Reduced by Siege Mode 687 | . . . . . . . . . . . . . . . . . 98 108 . 68 . 79 263 49 22 . . Redirected to Shielding 24 | . . . . . . . . . . . . . . . . . . 24 . . . . . . . . . Ignored by Resistances 829 | . . . . . . . . . . . . . . . 6 . . . . . . 31 422 246 124 . . Regen/Repaired (Parts) 3086 | . . . . . . . 68 . . . . . 276 . . . . 1271 . . 106 . 1365 . . . . Core Remaining (%) 80 | 100 . 83 . 84 . . 56 . . . . 94 . . . . 68 . . . . 76 . . . . . Volleys Fired 882 | 1 78 16 39 6 34 95 87 29 5 4 . 13 53 31 17 28 27 54 . 39 7 26 153 12 15 . 13 Largest 3 | 2 2 2 3 3 3 3 3 3 3 3 . 3 3 3 1 3 3 3 . 3 2 3 3 3 3 . 3 Hottest 560 | 80 100 100 169 147 192 185 183 90 75 75 . 103 250 250 81 240 240 219 . 219 105 241 560 189 189 . 177 Shots Fired 2152 | 2 154 32 117 10 97 213 260 65 15 12 . 29 113 84 19 83 53 107 . 110 13 63 381 36 46 . 38 Gun 1758 | 2 95 27 86 4 54 161 260 54 15 12 . 22 68 53 2 83 49 91 . 110 13 61 316 36 46 . 38 Cannon 364 | . 59 5 31 2 43 48 . 11 . . . 3 39 31 17 . 4 12 . . . . 59 . . . . Launcher 30 | . . . . 4 . 4 . . . . . 4 6 . . . . 4 . . . 2 6 . . . . Special . | . . . . . . . . . . . . . . . . . . . . . . . . . . . . Kinetic 432 | . 37 . 35 2 4 . 161 54 15 12 . 25 47 . . . . . . . . . . 12 15 . 13 Thermal 1614 | 2 117 32 81 4 93 209 99 11 . . . . 60 84 2 83 49 91 . 110 13 54 340 24 31 . 25 Explosive 30 | . . . . 4 . 4 . . . . . 4 6 . . . . 4 . . . 2 6 . . . . Electromagnetic 38 | . . . 1 . . . . . . . . . . . 17 . 4 12 . . . . 4 . . . . Entropic 38 | . . . . . . . . . . . . . . . . . . . . . . 7 31 . . . . Robot Hit Streak 35 | 2 15 9 32 2 12 35 25 18 7 5 . 13 18 10 7 11 9 17 . 20 7 17 24 13 10 . 7 Robot Miss Streak 7 | . 4 3 5 3 5 4 4 3 2 2 . 2 3 2 2 3 2 2 . 2 1 4 4 4 5 . 7 Penetration Max . | . . . . . . . . . . . . . . . . . . . . . . . . . . . . Secondary Targets 24 | . . . . . . . 4 . 2 . . 1 1 . . . 2 . . 5 . 1 3 1 1 . 3 Max Gunslinging Chain 2 | . . . . . . . 1 . 1 . . 1 1 . . . 1 . . 2 . 1 1 1 1 . 2 Capacitor 11 | . . . . . . . . . . . . . . . . . . 11 . . . . . . . . . Shots Hit Robots 1389 | 2 103 26 81 2 67 124 170 39 11 8 . 24 70 50 12 46 32 74 . 83 7 46 235 28 25 7 17 Core Hits 623 | 1 37 9 29 6 18 53 64 18 5 2 . 18 45 19 5 25 20 40 . 23 5 20 126 9 12 1 13 Critical Kills 11 | . . . 2 . . . . . . . . . . 4 . 2 1 . . . . . 1 . . . 1 Critical Parts Destroyed 21 | . . . . . . . . 1 . . . . 3 2 . 6 4 . . . . 1 3 1 . . . Critical Strikes 100 | . 1 1 6 . 6 11 5 1 . . . 1 3 6 1 9 5 4 . 8 1 6 18 2 1 2 2 Burn 54 | . . 1 4 . 6 11 5 . . . . . . . . . . 2 . 8 1 5 9 1 1 . . Meltdown 2 | . . . 1 . . . . . . . . . . 1 . . . . . . . . . . . . . Destroy 31 | . . . 1 . . . . 1 . . . . 3 5 . 9 5 . . . . . 4 1 . . 2 Blast 1 | . 1 . . . . . . . . . . . . . . . . . . . . . . . . . . Corrupt 1 | . . . . . . . . . . . . . . . 1 . . . . . . . . . . . . Impale 5 | . . . . . . . . . . . . 1 . . . . . 2 . . . . . . . 2 . Detonate 1 | . . . . . . . . . . . . . . . . . . . . . . 1 . . . . . Sunder 5 | . . . . . . . . . . . . . . . . . . . . . . . 5 . . . . Melee Attacks 39 | . . . . . . . . . . . 1 9 5 . . . . 16 . . . . . 1 . 7 . Impact . | . . . . . . . . . . . . . . . . . . . . . . . . . . . . Slashing . | . . . . . . . . . . . . . . . . . . . . . . . . . . . . Piercing 39 | . . . . . . . . . . . 1 9 5 . . . . 16 . . . . . 1 . 7 . Sneak Attacks 3 | . . . . . . . . . . . . 1 . . . . . 2 . . . . . . . . . Combat Hostiles 1 | . . . . . . . . . . . . 1 . . . . . . . . . . . . . . . Follow-up Attacks . | . . . . . . . . . . . . . . . . . . . . . . . . . . . . Damage Inflicted 38237 | 24 1416 364 1454 155 1361 3071 3297 764 201 126 . 996 2589 1484 461 1250 1320 2847 . 1953 190 1450 9446 657 526 427 408 Guns 24851 | 24 699 268 913 . 732 1749 3262 584 201 126 . 304 1133 913 23 1250 796 1447 . 1953 190 1140 5553 657 526 . 408 Cannons 6765 | . 651 72 533 20 629 814 . 127 . . . 31 442 567 438 . . 390 . . . . 2051 . . . . Explosions 5559 | . . . . 135 . 508 . . . . . 468 975 . . . 524 797 . . . 310 1842 . . . . Melee 827 | . . . . . . . . . . . . 193 . . . . . 207 . . . . . . . 427 . Ramming 235 | . 66 24 8 . . . 35 53 . . . . 39 4 . . . 6 . . . . . . . . . Kinetic 5271 | . 406 . 321 . 54 . 1958 584 201 126 . 335 654 . . . . . . . . . . 202 247 . 183 Thermal 24408 | 24 944 340 1105 20 1307 2563 1304 127 . . . . 921 1480 23 1250 796 1447 . 1953 190 1031 6624 455 279 . 225 Explosive 4362 | . . . . 135 . 508 . . . . . 468 975 . . . . 797 . . . 212 1267 . . . . Electromagnetic 1494 | . . . 20 . . . . . . . . . . . 438 . 524 390 . . . . 122 . . . . Impact . | . . . . . . . . . . . . . . . . . . . . . . . . . . . . Slashing . | . . . . . . . . . . . . . . . . . . . . . . . . . . . . Piercing 827 | . . . . . . . . . . . . 193 . . . . . 207 . . . . . . . 427 . Entropic 1640 | . . . . . . . . . . . . . . . . . . . . . . 207 1433 . . . . Highest Corruption 39 | . . . . . . 1 22 . . . . . 3 3 19 19 39 4 3 13 13 . 20 20 20 20 20 Average Corruption 7 | . . . . . . 1 1 . . . . . 2 3 6 10 14 3 3 11 13 . 9 20 20 20 20 Corruption Purged 33 | . . . . . . . . . . . . . . . . 29 . 4 . . . . . . . . . Corruption Blocked . | . . . . . . . . . . . . . . . . . . . . . . . . . . . . Effects 317 | . . . . . . . 23 . . . . . 1 29 20 16 7 19 9 32 3 . 66 19 41 16 16 Message Errors 75 | . . . . . . . 10 . . . . . . 9 7 6 2 6 2 6 1 . 10 3 4 4 5 Matter Fused 73 | . . . . . . . 3 . . . . . . 3 2 4 . 4 4 7 2 . 12 10 15 2 5 Heat Flow Errors 41 | . . . . . . . 3 . . . . . . 5 2 3 1 4 3 2 . . 4 3 4 4 3 Energy Discharges 38 | . . . . . . . 2 . . . . . . 7 1 1 1 1 . 5 . . 11 1 6 2 . Parts Rejected 3 | . . . . . . . . . . . . . . . . . . . . 1 . . 1 . 1 . . Parts Fused 4 | . . . . . . . . . . . . . . . . . . . . 1 . . 1 . 1 . 1 Data Loss (minor) 46 | . . . . . . . 4 . . . . . . 4 4 1 1 2 . 5 . . 16 2 4 3 . Data Loss (major) 12 | . . . . . . . 1 . . . . . . . 1 . . 1 . 2 . . 4 . 3 . . Misfires 7 | . . . . . . . . . . . . . . 1 2 . . 1 . 1 . . 1 . 1 . . Alerts 6 | . . . . . . . . . . . . . 1 . 1 . . . . . . . . . 2 1 1 Weapon Failures 12 | . . . . . . . . . . . . . . . . 1 2 . . 2 . . 6 . . . 1 Overload Shots 27 | . . . . . . . . . . . . . . . . . . 12 . 4 1 3 7 . . . . Effects 2 | . . . . . . . . . . . . . . . . . . 2 . . . . . . . . . Energy Bleed 2 | . . . . . . . . . . . . . . . . . . 2 . . . . . . . . . Overflow Damage 908 | . . . . . 8 24 . . . . . 100 49 2 . . . 263 . . . . 149 . . 313 . Projectiles 115 | . . . . . 8 24 . . . . . . . 2 . . . . . . . . 81 . . . . Explosions 167 | . . . . . . . . . . . . 2 49 . . . . 48 . . . . 68 . . . . Melee 626 | . . . . . . . . . . . . 98 . . . . . 215 . . . . . . . 313 . Knockbacks 7 | . 4 . . . . . . 1 . . . . 2 . . . . . . . . . . . . . . Impact 1 | . . . . . . . . 1 . . . . . . . . . . . . . . . . . . . Kinetic 6 | . 4 . . . . . . . . . . . 2 . . . . . . . . . . . . . . Secondary . | . . . . . . . . . . . . . . . . . . . . . . . . . . . . Self-Inflicted Damage 430 | . . . . 47 . 31 . . . . . . 56 . . . 95 . . . . . 201 . . . . Shots 7 | . . . . 1 . 1 . . . . . . 1 . . . 1 . . . . . 3 . . . . Rammed 20 | . 3 4 . . . . 4 4 . . . . 3 1 . . . 1 . . . . . . . . . Targets Rammed 29 | . 7 4 2 . . . 4 7 . . . . 3 1 . . . 1 . . . . . . . . . Kicked 2 | . 2 . . . . . . . . . . . . . . . . . . . . . . . . . . Crushed 7 | . 2 . 2 . . . . 3 . . . . . . . . . . . . . . . . . . . Highest Temperature 992 | 18 159 73 198 90 183 198 195 144 160 75 . 179 216 432 166 477 305 359 209 240 . 33 992 224 258 187 142 Average Temperature 84 | 12 36 43 45 51 41 57 51 51 82 32 . 68 49 89 67 136 131 96 95 56 . 14 134 40 103 81 79 Received Heat Transfer 3635 | . 357 183 162 27 108 288 261 30 . . . 83 252 46 18 . 51 99 . 282 9 211 801 247 93 . 27 Effects 14 | . . . . . . . . . . . . . . 1 . 1 . 3 . . . . 9 . . . . Shutdowns 3 | . . . . . . . . . . . . . . . . 1 . . . . . . 2 . . . . Energy Bleed 2 | . . . . . . . . . . . . . . 1 . . . 1 . . . . . . . . . Interference 6 | . . . . . . . . . . . . . . . . . . 2 . . . . 4 . . . . Damage (minor) 2 | . . . . . . . . . . . . . . . . . . . . . . . 2 . . . . Damage (core) 1 | . . . . . . . . . . . . . . . . . . . . . . . 1 . . . . Siege Activations 33 | . . . . . . . . . . . . . . . . . 1 8 . 5 . 3 13 1 2 . . Total Turns 606 | . . . . . . . . . . . . . . . . . 39 128 . 92 . 68 223 34 22 . . Longest Duration 55 | . . . . . . . . . . . . . . . . . 39 28 . 33 . 36 55 34 12 . . Robots Corrupted 6 | . . . . . . . . . . . . . . . 1 . 2 2 . . . . 1 . . . . Combat Hostiles 4 | . . . . . . . . . . . . . . . 1 . . 2 . . . . 1 . . . . Parts Fried 12 | . . . . . . . . . . . . . . 2 3 . 2 3 . . . . 2 . . . . Impact Corruptions . | . . . . . . . . . . . . . . . . . . . . . . . . . . . . Robots Melted 23 | . 1 1 1 . 1 1 . . . . . . 1 2 . 1 . 3 . 7 . 2 2 . . . . Combat Hostiles 21 | . 1 1 . . 1 1 . . . . . . 1 2 . . . 3 . 7 . 2 2 . . . . Parts Melted 125 | . 3 4 9 . 4 14 1 1 . 3 . 1 4 5 . 8 1 13 . 18 . 6 29 1 . . . Heat Transferred 45502 | 50 2118 868 2578 37 2923 5476 2738 200 . . . . 1421 2194 37 1924 1146 3010 . 5030 403 2084 9336 931 591 . 407 Parts Sabotaged 3 | . . . . . . . . . . . . . . . . . . . . . . . 3 . . . . Parts Stolen . | . . . . . . . . . . . . . . . . . . . . . . . . . . . . Parts Stripped . | . . . . . . . . . . . . . . . . . . . . . . . . . . . . Power Chain Reactions 1 | . . . . . . . . . . . . . . . . . 1 . . . . . . . . . . Alert | -11 -10 -10 -9 -9 -8 -8 -8 -7 -7 -7 -7 -6 -6 -6 -6 -6 -6 -5 -5 -5 -5 -4 -4 -4 -4 -4 -3 ------- Run | Yrd Mat Min Mat Min Mat Gar Mat Fac Low Low Zio Pro Fac Ext Cet Arc Hub Fac Upp Upp War Pro Fac Upp Upp Zhi Pro Peak Influence 1910 | 5 374 127 240 156 286 1910 1107 567 . . . . 585 500 364 359 637 497 . . . . 995 . . . . Initial 930 | . 3 102 15 56 27 54 930 359 . . . . 61 240 211 101 55 280 . . . . 53 . . . . Average 434 | 2 211 34 121 75 122 988 891 280 . . . . 341 325 309 260 354 161 . . . . 490 . . . . Maximum Alert Level 5 | . 1 . 1 . 1 5 4 2 . . . . 2 2 1 1 2 2 . . . . 3 . . . . Low Security (%) 35 | 100 45 100 81 100 81 9 . 33 . . . . 33 10 5 29 7 66 . . . . 20 . . . . Level 1 26 | . 54 . 18 . 18 6 . 41 . . . . 15 79 94 70 51 25 . . . . 30 . . . . Level 2 10 | . . . . . . 8 . 24 . . . . 51 10 . . 40 7 . . . . 21 . . . . Level 3 23 | . . . . . . 30 98 . . . . . . . . . . . . . . . 27 . . . . Level 4 3 | . . . . . . 37 1 . . . . . . . . . . . . . . . . . . . . Level 5 . | . . . . . . 8 . . . . . . . . . . . . . . . . . . . . . High Security . | . . . . . . . . . . . . . . . . . . . . . . . . . . . . Max Security . | . . . . . . . . . . . . . . . . . . . . . . . . . . . . Squads Dispatched 50 | . 6 . . . 4 . 5 2 . . . . 6 1 . . 3 9 . 1 . . 13 . . . . Investigation 10 | . 4 . . . . . . . . . . . 2 . . . . 3 . . . . 1 . . . . Extermination 13 | . . . . . . . . . . . . . 3 . . . 1 4 . . . . 5 . . . . Reinforcement 15 | . 2 . . . 2 . 2 1 . . . . 1 1 . . 2 . . . . . 4 . . . . Assault 8 | . . . . . . . 3 . . . . . . . . . . 1 . 1 . . 3 . . . . Garrison 4 | . . . . . 2 . . 1 . . . . . . . . . 1 . . . . . . . . . Intercept . | . . . . . . . . . . . . . . . . . . . . . . . . . . . . Searches Triggered . | . . . . . . . . . . . . . . . . . . . . . . . . . . . . Construction Impeded 5 | . . . . . . . 1 . . . . . 1 1 . . . . . . . . 2 . . . . Haulers Reinforced . | . . . . . . . . . . . . . . . . . . . . . . . . . . . . Active Scanning Responses . | . . . . . . . . . . . . . . . . . . . . . . . . . . . . Cargo Convoy Interrupts . | . . . . . . . . . . . . . . . . . . . . . . . . . . . . Stealth | -11 -10 -10 -9 -9 -8 -8 -8 -7 -7 -7 -7 -6 -6 -6 -6 -6 -6 -5 -5 -5 -5 -4 -4 -4 -4 -4 -3 --------- Run | Yrd Mat Min Mat Min Mat Gar Mat Fac Low Low Zio Pro Fac Ext Cet Arc Hub Fac Upp Upp War Pro Fac Upp Upp Zhi Pro Distress Signals 19 | . 1 . . . . 1 2 2 . . . . 2 1 2 . 2 3 . . 1 . 2 . . . . Communications Jammed 2 | . . . . . . . . . . . . . . . . . . . . . . . 2 . . . . Distress Signals 2 | . . . . . . . . . . . . . . . . . . . . . . . 2 . . . . Times Spotted 463 | . 20 4 17 6 10 49 32 15 4 1 . 13 23 26 9 14 19 28 . 21 40 14 73 4 9 . 12 Peak Tracking Total 10 | . 4 2 2 3 2 7 7 4 4 1 . 4 8 7 5 1 4 8 . 6 10 5 5 3 4 . 5 Tactical Retreats 21 | . 1 . . 1 . 5 . . . . . 3 . . . . . 2 . 2 2 2 2 . 1 . . Traps | -11 -10 -10 -9 -9 -8 -8 -8 -7 -7 -7 -7 -6 -6 -6 -6 -6 -6 -5 -5 -5 -5 -4 -4 -4 -4 -4 -3 ------- Run | Yrd Mat Min Mat Min Mat Gar Mat Fac Low Low Zio Pro Fac Ext Cet Arc Hub Fac Upp Upp War Pro Fac Upp Upp Zhi Pro Traps Triggered 13 | . 2 . . . . 2 . . . . . . 4 . . . 2 2 . . . . 1 . . . . Indirectly . | . . . . . . . . . . . . . . . . . . . . . . . . . . . . Trap Hack Attempts . | . . . . . . . . . . . . . . . . . . . . . . . . . . . . Triggered . | . . . . . . . . . . . . . . . . . . . . . . . . . . . . Disarmed . | . . . . . . . . . . . . . . . . . . . . . . . . . . . . Reprogrammed . | . . . . . . . . . . . . . . . . . . . . . . . . . . . . Reused . | . . . . . . . . . . . . . . . . . . . . . . . . . . . . Traps Extracted . | . . . . . . . . . . . . . . . . . . . . . . . . . . . . Installed . | . . . . . . . . . . . . . . . . . . . . . . . . . . . . Triggered 16 | . . . . . . . . . . 2 . . . . . . . . . . 11 2 . . 1 . . Machines | -11 -10 -10 -9 -9 -8 -8 -8 -7 -7 -7 -7 -6 -6 -6 -6 -6 -6 -5 -5 -5 -5 -4 -4 -4 -4 -4 -3 ---------- Run | Yrd Mat Min Mat Min Mat Gar Mat Fac Low Low Zio Pro Fac Ext Cet Arc Hub Fac Upp Upp War Pro Fac Upp Upp Zhi Pro Machines Disabled 68 | . 3 1 . . . 13 . . . . . . 11 4 . 2 18 2 . 1 1 . 12 . . . . Max in Single Turn 11 | . 1 1 . . . 2 . . . . . . 4 1 . 1 11 1 . 1 1 . 5 . . . . Garrison Access 3 | . . . . . . . . . . . . . . . . . 1 1 . . . . 1 . . . . Garrison Relay 8 | . . . . . . 8 . . . . . . . . . . . . . . . . . . . . . Phase Generator 1 | . . . . . . 1 . . . . . . . . . . . . . . . . . . . . . Network Hub 1 | . . . . . . . . . . . . . . . . . 1 . . . . . . . . . . Machines Repaired . | . . . . . . . . . . . . . . . . . . . . . . . . . . . . Machines Dismantled . | . . . . . . . . . . . . . . . . . . . . . . . . . . . . Machines Sabotaged . | . . . . . . . . . . . . . . . . . . . . . . . . . . . . Overloaded Fab Kills . | . . . . . . . . . . . . . . . . . . . . . . . . . . . . Hacking | -11 -10 -10 -9 -9 -8 -8 -8 -7 -7 -7 -7 -6 -6 -6 -6 -6 -6 -5 -5 -5 -5 -4 -4 -4 -4 -4 -3 --------- Run | Yrd Mat Min Mat Min Mat Gar Mat Fac Low Low Zio Pro Fac Ext Cet Arc Hub Fac Upp Upp War Pro Fac Upp Upp Zhi Pro Machines Accessed 71 | . 7 2 2 . 5 3 6 6 . 1 . . 4 3 . . 7 10 1 . 1 . 9 . . 4 . Terminals 42 | . 4 . 2 . 4 3 5 6 . . . . . 3 . . 5 5 . . . . 5 . . . . Fabricators 5 | . . . . . . . . . . . . . 1 . . . . 3 . . . . 1 . . . . Repair Stations 5 | . 1 . . . . . 1 . . . . . 1 . . . . 1 . . . . 1 . . . . Recycling Units 2 | . 2 . . . . . . . . . . . . . . . . . . . . . . . . . . Scanalyzers 3 | . . . . . . . . . . . . . 1 . . . . 1 . . . . 1 . . . . Garrison Access 5 | . . . . . 1 . . . . . . . 1 . . . 2 . . . . . 1 . . . . Total Hacks 215 | . 13 2 8 . 10 7 11 24 . 1 . . 11 6 . . 13 59 1 . 1 . 31 . . 17 . Successful 122 | . 7 2 5 . 5 2 5 12 . 1 . . 3 1 . . 7 34 1 . 1 . 19 . . 17 . Failed 92 | . 5 . 3 . 5 5 6 12 . . . . 8 5 . . 6 25 . . . . 12 . . . . Catastrophic 21 | . 1 . . . 1 2 2 1 . . . . 1 3 . . 4 2 . . . . 4 . . . . Database Lockouts 1 | . 1 . . . . . . . . . . . . . . . . . . . . . . . . . . Manual 85 | . 10 . 8 . 7 . 3 17 . . . . . 6 1 . 4 18 . . . . 11 . . . . Terminals 132 | . 9 . 8 . 9 7 9 24 . . . . . 6 . . 10 33 . . . . 17 . . . . Fabricators 20 | . . . . . . . . . . . . . 2 . . . . 16 . . . . 2 . . . . Repair Stations 21 | . 2 . . . . . 2 . . . . . 3 . . . . 7 . . . . 7 . . . . Recycling Units 2 | . 2 . . . . . . . . . . . . . . . . . . . . . . . . . . Scanalyzers 8 | . . . . . . . . . . . . . 1 . . . . 3 . . . . 4 . . . . Garrison Access 10 | . . . . . 1 . . . . . . . 5 . . . 3 . . . . . 1 . . . . Terminal Hacks 73 | . 3 2 3 . 2 2 2 11 . 1 . . . 1 . . 5 16 1 . 1 . 6 . . 17 . Record 5 | . . . . . . . . . . . . . . . . . . . . . . . . . . 5 . Part Schematic 10 | . . . . . . . . 2 . . . . . . . . . 3 . . . . 1 . . 4 . Robot Analysis 10 | . 3 . 3 . . . . . . . . . . . . . . . . . . . . . . 4 . Prototype ID Bank 6 | . . . . . . . . . . . . . . . . . 1 1 . . . . . . . 4 . Open Door 6 | . . 2 . . . 1 . . . 1 . . . . . . . . 1 . 1 . . . . . . Branch Access Points 4 | . . . . . . . . 1 . . . . . . . . . 1 . . . . 2 . . . . Emergency Access Points 1 | . . . . . . 1 . . . . . . . . . . . . . . . . . . . . . Terminal Index 4 | . . . . . . . . 1 . . . . . . . . . 1 . . . . 2 . . . . Fabricator Index 1 | . . . . . . . . . . . . . . . . . . 1 . . . . . . . . . Repair Station Index 1 | . . . . . . . . . . . . . . . . . . 1 . . . . . . . . . Scanalyzer Index 1 | . . . . . . . . 1 . . . . . . . . . . . . . . . . . . . Alert Level 5 | . . . . . . . 1 2 . . . . . . . . . 2 . . . . . . . . . Unreport Threat 13 | . . . . . 1 . 1 4 . . . . . 1 . . 2 3 . . . . 1 . . . . Locate Traps 1 | . . . . . . . . . . . . . . . . . . 1 . . . . . . . . . Recall Extermination 1 | . . . . . . . . . . . . . . . . . . 1 . . . . . . . . . Recall Assault 1 | . . . . . . . . . . . . . . . . . . 1 . . . . . . . . . Hauler Manifests 1 | . . . . . 1 . . . . . . . . . . . . . . . . . . . . . . Zone Layout 2 | . . . . . . . . . . . . . . . . . 2 . . . . . . . . . . Fabricator Hacks 9 | . . . . . . . . . . . . . 2 . . . . 6 . . . . 1 . . . . Load Schematic 6 | . . . . . . . . . . . . . 1 . . . . 4 . . . . 1 . . . . Build 3 | . . . . . . . . . . . . . 1 . . . . 2 . . . . . . . . . Repair Station Hacks 16 | . 1 . . . . . 2 . . . . . 1 . . . . 6 . . . . 6 . . . . Scan Component 9 | . 1 . . . . . 1 . . . . . 1 . . . . 3 . . . . 3 . . . . Repair 7 | . . . . . . . 1 . . . . . . . . . . 3 . . . . 3 . . . . Recycling Unit Hacks . | . . . . . . . . . . . . . . . . . . . . . . . . . . . . Scanalyzer 6 | . . . . . . . . . . . . . . . . . . 2 . . . . 4 . . . . Insert Component 2 | . . . . . . . . . . . . . . . . . . 1 . . . . 1 . . . . Analyze 4 | . . . . . . . . . . . . . . . . . . 1 . . . . 3 . . . . Garrison Access Hacks 3 | . . . . . 1 . . . . . . . . . . . 1 . . . . . 1 . . . . Unlock Access 1 | . . . . . 1 . . . . . . . . . . . . . . . . . . . . . . Seal Access 2 | . . . . . . . . . . . . . . . . . 1 . . . . . 1 . . . . Unauthorized Hacks 15 | . 3 . 2 . 2 . 1 1 . . . . . . . . 1 4 . . . . 1 . . . . Terminals 10 | . 1 . 2 . 2 . 1 1 . . . . . . . . 1 2 . . . . . . . . . Assimilate 2 | . . . . . 1 . . . . . . . . . . . . 1 . . . . . . . . . Botnet 8 | . 1 . 2 . 1 . 1 1 . . . . . . . . 1 1 . . . . . . . . . Fabricators 3 | . . . . . . . . . . . . . . . . . . 2 . . . . 1 . . . . Prioritize 1 | . . . . . . . . . . . . . . . . . . 1 . . . . . . . . . Recompile 2 | . . . . . . . . . . . . . . . . . . 1 . . . . 1 . . . . Repair Stations . | . . . . . . . . . . . . . . . . . . . . . . . . . . . . Recycling Units 2 | . 2 . . . . . . . . . . . . . . . . . . . . . . . . . . Tunnel 2 | . 2 . . . . . . . . . . . . . . . . . . . . . . . . . . Scanalyzers . | . . . . . . . . . . . . . . . . . . . . . . . . . . . . Garrison Access . | . . . . . . . . . . . . . . . . . . . . . . . . . . . . Data Cores Recovered 1 | . . . . . 1 . . . . . . . . . . . . . . . . . . . . . . Used . | . . . . . . . . . . . . . . . . . . . . . . . . . . . . Hacking Detections 55 | . 5 . 2 . 3 3 6 6 . . . . 4 3 . . 6 9 . . . . 8 . . . . Full Trace Events 4 | . . . . . . . . . . . . . 2 . . . . 2 . . . . . . . . . Feedback Events . | . . . . . . . . . . . . . . . . . . . . . . . . . . . . Feedback Blocked . | . . . . . . . . . . . . . . . . . . . . . . . . . . . . Robot Schematics Acquired 4 | . . . . . . . . . . . 4 . . . . . . . . . . . . . . . . Robots Built . | . . . . . . . . . . . . . . . . . . . . . . . . . . . . Authchips . | . . . . . . . . . . . . . . . . . . . . . . . . . . . . Time . | . . . . . . . . . . . . . . . . . . . . . . . . . . . . Total Robot Build Rating . | . . . . . . . . . . . . . . . . . . . . . . . . . . . . Part Schematics Acquired 23 | . . . . . . . . 2 . . 13 . . . . . . 3 . . . . 1 . . 4 . Parts Built 6 | . . . . . . . . . . . . . 2 . . . . 4 . . . . . . . . . Authchips 1 | . . . . . . . . . . . . . . . . . . 1 . . . . . . . . . Time 222 | . . . . . . . . . . . . . 106 . . . . 116 . . . . . . . . . Total Part Build Rating 40 | . . . . . . . . . . . . . 12 . . . . 28 . . . . . . . . . Parts Repaired 7 | . . . . . . . 1 . . . . . . . . . . 3 . . . . 3 . . . . Time 503 | . . . . . . . 56 . . . . . . . . . . 290 . . . . 157 . . . . Parts Recycled . | . . . . . . . . . . . . . . . . . . . . . . . . . . . . Recycled Matter . | . . . . . . . . . . . . . . . . . . . . . . . . . . . . Retrieved Matter . | . . . . . . . . . . . . . . . . . . . . . . . . . . . . Retrieved Components . | . . . . . . . . . . . . . . . . . . . . . . . . . . . . Parts Scanalyzed 1 | . . . . . . . . . . . . . . . . . . 1 . . . . . . . . . Part Schematics Acquired . | . . . . . . . . . . . . . . . . . . . . . . . . . . . . Parts Damaged . | . . . . . . . . . . . . . . . . . . . . . . . . . . . . Bothacking | -11 -10 -10 -9 -9 -8 -8 -8 -7 -7 -7 -7 -6 -6 -6 -6 -6 -6 -5 -5 -5 -5 -4 -4 -4 -4 -4 -3 ------------ Run | Yrd Mat Min Mat Min Mat Gar Mat Fac Low Low Zio Pro Fac Ext Cet Arc Hub Fac Upp Upp War Pro Fac Upp Upp Zhi Pro Used RIF Installer . | . . . . . . . . . . . . . . . . . . . . . . . . . . . . Robots Hacked . | . . . . . . . . . . . . . . . . . . . . . . . . . . . . Non-combat . | . . . . . . . . . . . . . . . . . . . . . . . . . . . . Combat . | . . . . . . . . . . . . . . . . . . . . . . . . . . . . Robot Hacks Applied . | . . . . . . . . . . . . . . . . . . . . . . . . . . . . Relay Couplers Released 40 | . . . . . . 29 . . . . . . . . . . . 3 . . . . 8 . . . . Machine Destruction 32 | . . . . . . 29 . . . . . . . . . . . 3 . . . . . . . . . Programmers 8 | . . . . . . . . . . . . . . . . . . . . . . . 8 . . . . Fabnet Peak Effective % . | . . . . . . . . . . . . . . . . . . . . . . . . . . . . Robots Rewired 14 | . . . . . . . . . . . . . . 13 . . . . . 1 . . . . . . . Allies Hacked 1 | . . . . . . 1 . . . . . . . . . . . . . . . . . . . . . Hacks Repelled . | . . . . . . . . . . . . . . . . . . . . . . . . . . . . Allies | -11 -10 -10 -9 -9 -8 -8 -8 -7 -7 -7 -7 -6 -6 -6 -6 -6 -6 -5 -5 -5 -5 -4 -4 -4 -4 -4 -3 -------- Run | Yrd Mat Min Mat Min Mat Gar Mat Fac Low Low Zio Pro Fac Ext Cet Arc Hub Fac Upp Upp War Pro Fac Upp Upp Zhi Pro Total Allies 40 | . . 1 . 3 . 2 . . . . 4 . . 23 5 . . 1 . 1 . . . . . . . Largest Group 22 | . . 1 . 3 3 2 . . . . 4 4 . 20 22 18 15 1 . 1 . . . . . . . Highest-Rated Group 1055 | . . 31 . 40 40 45 . . . . 112 112 . 667 1055 926 645 26 . 29 . . . . . . . Highest-Rated Ally 159 | . . 31 . 16 16 25 . . . . 31 31 . 159 159 146 96 26 . 29 . . . . . . . Warlord Squad Rendezvous 2 | . . . . . . . . . . . . . 2 . . . . . . . . . . . . . . Muscle 1 | . . . . . . . . . . . . . 1 . . . . . . . . . . . . . . Pyro 1 | . . . . . . . . . . . . . 1 . . . . . . . . . . . . . . Total Orders 14 | . . . . . . . . . . . . . 1 7 1 2 3 . . . . . . . . . . STAY 4 | . . . . . . . . . . . . . . . . 1 3 . . . . . . . . . . FOLLOW 1 | . . . . . . . . . . . . . . . . 1 . . . . . . . . . . . RETURN 9 | . . . . . . . . . . . . . 1 7 1 . . . . . . . . . . . . Ally Attacks 391 | . . . . 7 68 26 . . . . . 44 . 92 54 23 77 . . . . . . . . . . Total Damage 8533 | . . . . 69 826 496 . . . . . 788 . 2063 1076 612 2603 . . . . . . . . . . Kills 60 | . . . . 2 7 6 . . . . . 3 . 11 8 3 20 . . . . . . . . . . Allies Corrupted 3 | . . . . . . . . . . . . . . . . . 3 . . . . . . . . . . Allies Melted . | . . . . . . . . . . . . . . . . . . . . . . . . . . . . Intel | -11 -10 -10 -9 -9 -8 -8 -8 -7 -7 -7 -7 -6 -6 -6 -6 -6 -6 -5 -5 -5 -5 -4 -4 -4 -4 -4 -3 ------- Run | Yrd Mat Min Mat Min Mat Gar Mat Fac Low Low Zio Pro Fac Ext Cet Arc Hub Fac Upp Upp War Pro Fac Upp Upp Zhi Pro Robot Analysis Total 8 | . 2 . 2 . . . . . . . . . . . . . . . . . . . . . . 4 . Derelict Logs Recovered 18 | . . 3 . 2 . . . . 1 3 3 2 . . . . . . 2 . . . . 1 1 . . Drone Launches 9 | . . . . . . . . . . . . . 1 7 1 . . . . . . . . . . . . Drone Recoveries 9 | . . . . . . . . . . . . . 1 7 1 . . . . . . . . . . . . Exploration | -11 -10 -10 -9 -9 -8 -8 -8 -7 -7 -7 -7 -6 -6 -6 -6 -6 -6 -5 -5 -5 -5 -4 -4 -4 -4 -4 -3 ------------- Run | Yrd Mat Min Mat Min Mat Gar Mat Fac Low Low Zio Pro Fac Ext Cet Arc Hub Fac Upp Upp War Pro Fac Upp Upp Zhi Pro Turns Passed 30644 | 78 1327 1450 961 753 573 1959 3663 745 1173 997 1454 1175 1021 1497 597 485 950 2304 581 750 901 715 2530 475 826 417 287 Spaces Moved 13210 | 55 648 605 451 451 256 871 613 386 681 587 865 661 418 700 207 173 495 868 362 349 503 338 910 192 267 168 130 Core 7 | 7 . . . . . . . . . . . . . . . . . . . . . . . . . . . Treads 12322 | . 341 605 451 451 256 871 613 386 681 587 865 661 418 700 207 173 495 868 362 349 503 338 704 80 267 90 . Legs 576 | 48 307 . . . . . . . . . . . . . . . . . . . . . . 13 . 78 130 Wheels 305 | . . . . . . . . . . . . . . . . . . . . . . . 206 99 . . . Hover . | . . . . . . . . . . . . . . . . . . . . . . . . . . . . Flight . | . . . . . . . . . . . . . . . . . . . . . . . . . . . . Fastest Speed 50 | 50 120 160 160 160 160 160 243 167 167 167 167 167 166 167 160 160 160 160 160 160 160 160 155 170 240 112 187 Average Speed 172 | 111 141 162 160 160 168 181 248 167 167 167 167 167 167 167 164 160 160 160 160 160 160 160 173 218 276 217 187 Slowest Speed 490 | 120 160 240 160 160 240 243 250 167 167 167 167 167 250 167 167 160 160 160 160 160 160 160 490 320 320 330 187 Overloaded Moves . | . . . . . . . . . . . . . . . . . . . . . . . . . . . . Propulsion Burnouts . | . . . . . . . . . . . . . . . . . . . . . . . . . . . . Robots Hopped 1 | . . . . . . . . . . . 1 . . . . . . . . . . . . . . . . Cave-ins Triggered . | . . . . . . . . . . . . . . . . . . . . . . . . . . . . Exploration Rate (%) 56 | 4 88 98 51 94 32 81 53 19 85 69 84 80 14 84 62 76 54 22 58 57 74 58 23 43 45 60 27 Regions Visited 27 Branch Regions 18 Pre-discovered Areas 10 | . 2 1 . 1 . . . . 1 . . 1 . . . . . . 1 . . . . . . 3 . Known Exits Taken 15 | . . . 1 . 1 . . 1 1 1 1 1 1 1 1 1 1 1 1 . . . 1 . . . . Unknown Exits Taken 11 | 1 1 1 . 1 . . 1 . . . . . . . . . . . . 1 1 1 . 1 1 1 . Scrap Searched 19 | . . 1 . 1 . . . . 2 2 3 3 . . . . . . 2 2 . . . 1 1 . 1 Spaces Dug 86 | . . . . 8 . . . 6 . . . 13 14 3 . . 2 19 . 1 3 3 14 . . . . Terrain Destroyed 798 | . . . . 25 . 164 . 7 . . . 36 123 9 . . 191 32 . 1 3 56 146 2 3 . . Melee 14 | . . . . . . . . . . . . . 4 . . . . 10 . . . . . . . . . Projectile 122 | . . . . . . . . 7 . . . 2 21 9 . . 6 11 . 1 3 19 39 2 2 . . AOE 661 | . . . . 25 . 164 . . . . . 34 98 . . . 185 11 . . . 37 107 . . . . Terrain Rammed . | . . . . . . . . . . . . . . . . . . . . . . . . . . . . Walls Destroyed . | . . . . . . . . . . . . . . . . . . . . . . . . . . . . Machines Disabled . | . . . . . . . . . . . . . . . . . . . . . . . . . . . . Actions | -11 -10 -10 -9 -9 -8 -8 -8 -7 -7 -7 -7 -6 -6 -6 -6 -6 -6 -5 -5 -5 -5 -4 -4 -4 -4 -4 -3 --------- Run | Yrd Mat Min Mat Min Mat Gar Mat Fac Low Low Zio Pro Fac Ext Cet Arc Hub Fac Upp Upp War Pro Fac Upp Upp Zhi Pro Total 19419 | 66 907 1039 615 474 324 1081 2619 449 710 599 873 696 645 961 450 320 603 1677 365 454 592 458 1542 224 324 206 146 Wait 4328 | 1 133 395 61 9 11 64 1878 16 16 5 4 1 106 70 185 92 62 655 . 46 25 87 359 7 38 1 1 Move 13182 | 54 647 604 450 450 256 870 612 385 680 586 862 660 417 699 206 172 494 867 361 348 502 337 909 191 266 167 130 Hop 1 | . . . . . . . . . . . 1 . . . . . . . . . . . . . . . . Pick Up 176 | 3 11 10 18 3 3 10 7 2 2 1 2 2 10 1 9 6 . 23 2 3 8 . 28 2 4 5 1 Fast Attach 129 | 7 5 2 8 . 4 2 6 . . . . 1 11 . 6 6 5 14 . 1 18 1 23 . . 8 1 Attach 84 | . 1 2 2 . 2 . 1 3 1 . . 1 3 . . 4 5 9 . 4 . 2 30 7 1 6 . Detach 20 | . . . . . 1 . . . . . . . . . . 3 . 6 . . 1 . 5 1 . 3 . Swap 182 | . 10 1 11 3 5 19 10 6 5 2 1 8 22 10 8 1 7 14 . 5 3 5 21 2 . 3 . Drop 211 | . 15 5 24 3 8 19 14 1 1 1 2 1 15 2 19 8 3 18 2 1 28 . 14 1 . 6 . Fire 882 | 1 78 16 39 6 34 95 87 29 5 4 . 13 53 31 17 28 27 54 . 39 7 26 153 12 15 . 13 Melee 39 | . . . . . . . . . . . 1 9 5 . . . . 16 . . . . . 1 . 7 . Ram . | . . . . . . . . . . . . . . . . . . . . . . . . . . . . Kick 2 | . 2 . . . . . . . . . . . . . . . . . . . . . . . . . . Crush 27 | . 5 4 2 . . . 4 7 . . . . 3 1 . . . 1 . . . . . . . . . Escape Stasis 2 | . . . . . . 2 . . . . . . . . . . . . . . . . . . . . . Rewire 154 | . . . . . . . . . . . . . . 147 . . . . . 7 . . . . . . . Trap . | . . . . . . . . . . . . . . . . . . . . . . . . . . . . Miscellaneous . | . . . . . . . . . . . . . . . . . . . . . . . . . . . . Route ------- -11/Scrapyard -10/Materials (discovered 4 exits: *Mat x3 / *Min) -10/Mines (discovered 3 exits: *Mat x2 / [*Exi]) -9/Materials (discovered 2 exits: *Min x2) -9/Mines (discovered 3 exits: *Mat x2 / *Zio) -8/Materials (discovered 2 exits: *Fac / Gar) -8/Garrison (discovered 3 exits: *Mat x3) -8/Materials (discovered 2 exits: *Fac x2) -7/Factory (discovered 3 exits: *Sto / *Low x2) -7/Lower Caves -7/Lower Caves (discovered 2 exits: *Fac / *Zio) -7/Zion -6/Proximity Caves -6/Factory (discovered 4 exits: *Fac x2 / Low / *Ext) -6/Extension (discovered 2 exits: *Fac / *Cet) -6/Cetus (discovered 2 exits: *Fac / *Arc) -6/Archives (discovered 3 exits: *Fac / *Hub x2) -6/Hub_04(d) (discovered 2 exits: *Fac x2) -5/Factory (discovered 3 exits: *Fac / *Upp x2) -5/Upper Caves -5/Upper Caves (discovered 2 exits: *Fac / *War) -5/Warlord -4/Proximity Caves -4/Factory (discovered 4 exits: *Res / *Upp x2 / Arm) -4/Upper Caves -4/Upper Caves -4/Zhirov -3/Proximity Caves History --------- Turn | Location | Event 2 | -11/Scrapyard | Met Revision 17 6 | -11/Scrapyard | Discovered new exit (range 15) 79 | -11/Scrapyard | Entered Materials 309 | -10/Materials | Build established: Mutant 423 | -10/Materials | Discovered new exit (range 6) 481 | -10/Materials | Discovered new exit (range 3) 651 | -10/Materials | Discovered new exit (range 12) 760 | -10/Materials | Discovered new exit (range 16) 763 | -10/Materials | Central database locked down 1406 | -10/Materials | Entered Mines 1409 | -10/Mines | Assembled infested the area 1409 | -10/Mines | Received a Mining Laser from a helpful Derelict 1419 | -10/Mines | Met a Derelict bent on vengeance 1893 | -10/Mines | Discovered new exit (range 5) 1910 | -10/Mines | Learned Materials trap positions 1932 | -10/Mines | Found the Drone Emporium 1940 | -10/Mines | Found Prototype Device 1940 | -10/Mines | Identified Sensor Drone Bay 2351 | -10/Mines | Learned location of Zion (-7) 2353 | -10/Mines | Discovered new exit (range 9) 2448 | -10/Mines | Met a Derelict who couldn't figure out how to use a Trap Extractor 2847 | -10/Mines | Discovered new exit (range 6) 2856 | -10/Mines | Entered Materials 2856 | -9/Materials | Evolved 2 slots: Propulsion x1, Weapon x1 2857 | -9/Materials | Identified exit to Mines 2858 | -9/Materials | Loaded intel: 10 trap records 3152 | -9/Materials | Build established: Scavenger-Gunner 3817 | -9/Materials | Entered Mines 3848 | -9/Mines | Discovered new exit (range 9) 3883 | -9/Mines | Received a Rocket Launcher from a helpful Derelict 3996 | -9/Mines | Build established: Gunner 4053 | -9/Mines | A Derelict revealed a hidden shortcut to a safe place 4054 | -9/Mines | Learned Materials stockpile data 4105 | -9/Mines | Found a damaged Exp. Sensor Array with a note attached 4109 | -9/Mines | Found Prototype Device 4294 | -9/Mines | Discovered new exit (range 7) 4317 | -9/Mines | Assisted by bots powering up and referring to "LRC-V3" 4570 | -9/Mines | Entered Materials 4570 | -8/Materials | Accompanied by 3 allies 4570 | -8/Materials | Evolved 2 slots: Utility x2 4887 | -8/Materials | Discovered new exit (range 16) 4946 | -8/Materials | Garrison activated, responded to threat 4952 | -8/Materials | Build established: Scavenger-Gunner 5077 | -8/Materials | Garrison activated, responded to threat 5143 | -8/Materials | Identified exit to Garrison 5143 | -8/Materials | Entered Garrison 5143 | -8/Garrison | Accompanied by 1 ally 5190 | -8/Garrison | Triggered checkpoint 5245 | -8/Garrison | Garrison Relay disabled 5259 | -8/Garrison | Triggered checkpoint 5487 | -8/Garrison | Destroyed 12 combat bots 5491 | -8/Garrison | Triggered checkpoint 5537 | -8/Garrison | Discovered new exit (range 9) 5556 | -8/Garrison | Triggered checkpoint 5614 | -8/Garrison | Garrison Relay disabled 5759 | -8/Garrison | Triggered checkpoint 5822 | -8/Garrison | Triggered checkpoint 5871 | -8/Garrison | Garrison Relay disabled 5908 | -8/Garrison | Discovered new exit (range 10) 5963 | -8/Garrison | Rescued a captive Derelict 5973 | -8/Garrison | Rescued a captive Derelict 6033 | -8/Garrison | Triggered checkpoint 6205 | -8/Garrison | Phase Generator disabled 6417 | -8/Garrison | Spotted B-75 Beast 6423 | -8/Garrison | Allies destroyed B-75 Beast 6696 | -8/Garrison | Build established: Gunner 6788 | -8/Garrison | Discovered new exit (range 5) 6855 | -8/Garrison | Triggered checkpoint 6884 | -8/Garrison | Garrison Relay disabled 6990 | -8/Garrison | Garrison Relay disabled 7057 | -8/Garrison | Garrison Relay disabled 7059 | -8/Garrison | Garrison Relay disabled 7063 | -8/Garrison | Garrison Relay disabled 7102 | -8/Garrison | Entered Materials 7671 | -8/Materials | Discovered new exit (range 16) 8066 | -8/Materials | Discovered new exit (range 5) 8302 | -8/Materials | First assault squad dispatched 8513 | -8/Materials | Destroyed 7 combat bots 8726 | -8/Materials | Repaired Neutrino Core 10760 | -8/Materials | System corruption reached 10% 10765 | -8/Materials | Entered Factory 10765 | -7/Factory | Evolved 2 slots: Propulsion x1, Utility x1 10767 | -7/Factory | Identified Exp. Sensor Array 10982 | -7/Factory | Garrison activated, responded to threat 11245 | -7/Factory | Identified exit to Storage 11245 | -7/Factory | Identified exit to Lower Caves 11510 | -7/Factory | Entered Lower Caves 11516 | -7/Lower Caves | Met a Warlord Commander 11517 | -7/Lower Caves | Learned location of Warlord (-5) 11518 | -7/Lower Caves | Warlord Commander delivered Encrypted Comm Array 11525 | -7/Lower Caves | Found Encrypted Comm Array 11621 | -7/Lower Caves | Encountered a Warlord checkpoint 11801 | -7/Lower Caves | Build established: Skirmisher 12063 | -7/Lower Caves | Learned 4 Factory zone layouts 12287 | -7/Lower Caves | Discovered new exit (range 15) 12310 | -7/Lower Caves | Identified exit to Lower Caves 12683 | -7/Lower Caves | Entered another Lower Caves area 12722 | -7/Lower Caves | Learned location of 1 exit from Factory 12912 | -7/Lower Caves | Discovered new exit (range 11) 12942 | -7/Lower Caves | Identified exit to Factory 13280 | -7/Lower Caves | Encountered a Warlord checkpoint 13379 | -7/Lower Caves | Discovered new exit (range 7) 13388 | -7/Lower Caves | Identified exit to Zion 13433 | -7/Lower Caves | Learned 4 Factory zone layouts 13680 | -7/Lower Caves | Entered Zion 13769 | -7/Zion | Discovered new exit (range 14) 13859 | -7/Zion | Found CR-A16's Pointy Stick 14012 | -7/Zion | Learned Factory emergency access door positions 14235 | -7/Zion | Gained Derelict followers 14279 | -7/Zion | Received a hallucinogenic algorithm 14478 | -7/Zion | Learned Factory terminal intel 14538 | -7/Zion | Met Imprinter 14861 | -7/Zion | Learned Factory emergency access door positions 14935 | -7/Zion | Given the Hacking Drone Bay 14935 | -7/Zion | Found Prototype Device 15032 | -7/Zion | Build established: Mutant 15128 | -7/Zion | Identified exit to Proximity Caves 15134 | -7/Zion | Entered Proximity Caves 15134 | -6/Proximity Caves | Accompanied by 4 allies 15517 | -6/Proximity Caves | Build established: Skirmisher 15992 | -6/Proximity Caves | Spotted B-75 Beast 16024 | -6/Proximity Caves | Revealed the true nature of CR-A16's Pointy Stick 16027 | -6/Proximity Caves | Destroyed B-75 Beast 16260 | -6/Proximity Caves | Attracted the attention of an 0b10 checkpoint 16284 | -6/Proximity Caves | Discovered exit to Factory (range 5) 16309 | -6/Proximity Caves | Entered Factory 16309 | -6/Factory | Evolved 2 slots: Utility x2 16310 | -6/Factory | Identified exit to Lower Caves 16310 | -6/Factory | Identified exit to Extension 16311 | -6/Factory | Identified exit to Factory 16314 | -6/Factory | Loaded intel: 28 terminal locations 16713 | -6/Factory | Destroyed 8 combat bots 16873 | -6/Factory | Fabricated Lrn. Proton Cannon? 16971 | -6/Factory | Joined by Warlord Muscle squad 17177 | -6/Factory | Joined by Warlord Pyro squad 17306 | -6/Factory | Identified Hacking Drone Bay 17330 | -6/Factory | Entered Extension 17414 | -6/Extension | Build established: Scavenger-Gunner 17492 | -6/Extension | Rescued A7 17628 | -6/Extension | Rescued a captive Derelict 17677 | -6/Extension | Rescued a captive Derelict 17677 | -6/Extension | Rescued a captive Derelict 17902 | -6/Extension | Rescued a captive Derelict 18104 | -6/Extension | Build established: Commander-Gunner 18257 | -6/Extension | Spotted B-75 Beast 18268 | -6/Extension | Destroyed B-75 Beast 18282 | -6/Extension | Spotted B-75 Beast 18293 | -6/Extension | Allies destroyed B-75 Beast 18402 | -6/Extension | Rescued a captive Derelict 18402 | -6/Extension | Rescued a captive Derelict 18604 | -6/Extension | Rescued a captive Derelict 18645 | -6/Extension | Rescued a captive Derelict 18749 | -6/Extension | Rescued a captive Derelict 18779 | -6/Extension | Discovered exit to Factory (range 10) 18781 | -6/Extension | Discovered new exit (range 6) 18808 | -6/Extension | Identified exit to Cetus 18827 | -6/Extension | Disrupted transfer network 18827 | -6/Extension | Entered Cetus 18827 | -6/Cetus | Accompanied by 18 allies (A7) 18832 | -6/Cetus | Acquired a Cetus Manufacturing Module code from A7 18856 | -6/Cetus | Spotted Cetus Guard 18856 | -6/Cetus | Spotted Cetus Guard 18857 | -6/Cetus | Spotted Cetus Guard 18862 | -6/Cetus | Allies destroyed Cetus Guard 18863 | -6/Cetus | Spotted Cetus Guard 18868 | -6/Cetus | Allies destroyed Cetus Guard 18877 | -6/Cetus | Allies destroyed Cetus Guard 18879 | -6/Cetus | Allies destroyed Cetus Guard 19007 | -6/Cetus | Started Cetus Manufacturing Module 19032 | -6/Cetus | Manufactured an Enhanced Grunt 19035 | -6/Cetus | Discovered new exit (range 15) 19057 | -6/Cetus | Manufactured an Enhanced Grunt 19082 | -6/Cetus | Manufactured an Enhanced Grunt 19107 | -6/Cetus | Manufactured an Enhanced Grunt 19132 | -6/Cetus | Manufactured an Enhanced Grunt 19248 | -6/Cetus | Spotted Cetus Guard 19249 | -6/Cetus | Spotted Cetus Guard 19258 | -6/Cetus | Destroyed Cetus Guard 19258 | -6/Cetus | Spotted Cetus Guard 19260 | -6/Cetus | Allies destroyed Cetus Guard 19260 | -6/Cetus | Spotted Cetus Guard 19270 | -6/Cetus | Allies destroyed Cetus Guard 19277 | -6/Cetus | Allies destroyed Cetus Guard 19284 | -6/Cetus | Discovered exit to Factory (range 15) 19294 | -6/Cetus | System corruption reached 10% 19300 | -6/Cetus | Met Revision 17 19308 | -6/Cetus | Lost 4 allies 19387 | -6/Cetus | Identified exit to Archives 19424 | -6/Cetus | Entered Archives 19424 | -6/Archives | Accompanied by 18 allies (A7) 19547 | -6/Archives | Discovered new exit (range 14) 19679 | -6/Archives | Discovered new exit (range 16) 19770 | -6/Archives | Discovered exit to Factory (range 16) 19897 | -6/Archives | Identified exit to Hub_04(d) 19909 | -6/Archives | Entered Hub_04(d) 19909 | -6/Hub_04(d) | Accompanied by 15 allies 20073 | -6/Hub_04(d) | Lost 6 allies 20079 | -6/Hub_04(d) | Discovered exit to Factory (range 12) 20452 | -6/Hub_04(d) | Discovered exit to Factory (range 9) 20733 | -6/Hub_04(d) | Network Hub disabled 20740 | -6/Hub_04(d) | Spotted Lightning 20742 | -6/Hub_04(d) | Spotted Lightning 20746 | -6/Hub_04(d) | Spotted Lightning 20782 | -6/Hub_04(d) | Lost 3 allies 20808 | -6/Hub_04(d) | Lost 3 parts (2u1w) 20858 | -6/Hub_04(d) | System corruption reached 30% 20859 | -6/Hub_04(d) | Entered Factory 20859 | -5/Factory | Evolved 2 slots: Power x1, Utility x1 21140 | -5/Factory | Destroyed 7 combat bots 21158 | -5/Factory | Build established: Scavenger-Assassin 21194 | -5/Factory | Identified exit to Upper Caves 21477 | -5/Factory | Build established: Hacker-Mutant 21943 | -5/Factory | Garrison activated, responded to threat 22126 | -5/Factory | Build established: Hacker-Skirmisher 22199 | -5/Factory | Repaired Centrium Heavy Treads 22308 | -5/Factory | Repaired Centrium Medium Armor Plating 22383 | -5/Factory | Repaired Quantum Reactor 22390 | -5/Factory | Discovered new exit (range 5) 22900 | -5/Factory | Fabricated Quantum Capacitor? 22993 | -5/Factory | Fabricated HERF Cannon? 23163 | -5/Factory | Entered Upper Caves 23311 | -5/Upper Caves | Build established: Scavenger-Gunner 23659 | -5/Upper Caves | Learned Factory trap positions 23704 | -5/Upper Caves | Discovered new exit (range 6) 23739 | -5/Upper Caves | Identified exit to Upper Caves 23744 | -5/Upper Caves | Entered another Upper Caves area 23776 | -5/Upper Caves | Spotted B-75 Beast 23809 | -5/Upper Caves | System corruption reached 10% 23841 | -5/Upper Caves | Destroyed B-75 Beast 23911 | -5/Upper Caves | Encountered a Warlord checkpoint 23917 | -5/Upper Caves | Discovered new exit (range 10) 24062 | -5/Upper Caves | Attracted the attention of an 0b10 checkpoint 24160 | -5/Upper Caves | Build established: Scavenger-Skirmisher 24283 | -5/Upper Caves | Attracted the attention of an 0b10 outpost 24466 | -5/Upper Caves | Discovered new exit (range 17) 24494 | -5/Upper Caves | Entered Warlord 24552 | -5/Warlord | System corruption cleaned by Quarantine Array 24810 | -5/Warlord | Visited the Vortex Lab 24816 | -5/Warlord | Found Prototype Energy Gun 24816 | -5/Warlord | Identified Vortex Rail 24822 | -5/Warlord | Warlord's base attacked by MAIN.C 24824 | -5/Warlord | Found Prototype Energy Cannon 24824 | -5/Warlord | Identified Vortex Driver 24827 | -5/Warlord | Found Prototype Energy Cannon 24827 | -5/Warlord | Identified Vortex Cannon 24833 | -5/Warlord | Found Vortex Cannon 24847 | -5/Warlord | Found Vortex Rail 24948 | -5/Warlord | Met Warlord 24966 | -5/Warlord | Found Prototype Device 24966 | -5/Warlord | Identified Exp. Focal Shield 24971 | -5/Warlord | Found Prototype Processor 24971 | -5/Warlord | Identified Exp. Core Analyzer 24984 | -5/Warlord | Found Prototype Reactor 24984 | -5/Warlord | Identified Vortex Chain Reactor 25172 | -5/Warlord | Warlord forces counterattacked 25259 | -5/Warlord | Spotted Striker 25261 | -5/Warlord | P-80 Master assimilated allied 5F-LNQ(g) 25274 | -5/Warlord | P-80 Master assimilated allied 6Z-BVA(b) 25277 | -5/Warlord | Build established: Scavenger-Gunner 25318 | -5/Warlord | Spotted Executioner 25345 | -5/Warlord | Spotted Executioner 25363 | -5/Warlord | Discovered new exit (range 15) 25369 | -5/Warlord | Found Prototype Device 25369 | -5/Warlord | Identified Adv. Kinecellerator 25390 | -5/Warlord | Lost 12 allies 25395 | -5/Warlord | Entered Proximity Caves 25704 | -4/Proximity Caves | Build established: Scavenger-Skirmisher 26000 | -4/Proximity Caves | Discovered new exit (range 18) 26040 | -4/Proximity Caves | Attracted the attention of an 0b10 checkpoint 26110 | -4/Proximity Caves | Entered Factory 26110 | -4/Factory | Evolved 2 slots: Utility x2 26111 | -4/Factory | Loaded intel: 104 trap records 26354 | -4/Factory | Identified exit to Upper Caves 26354 | -4/Factory | Identified exit to Armory 26681 | -4/Factory | Discovered new exit (range 5) 26885 | -4/Factory | Repaired Centrium Medium Armor Plating 26941 | -4/Factory | Repaired Centrium Heavy Treads 26991 | -4/Factory | Repaired Adv. Variable Charge Gun 27281 | -4/Factory | Build established: Hacker-Skirmisher 27469 | -4/Factory | Destroyed 7 combat bots 27707 | -4/Factory | Build established: Scavenger-Gunner 27860 | -4/Factory | First assault squad dispatched 27893 | -4/Factory | Found Prototype Processor 27893 | -4/Factory | Identified Exp. Signal Interpreter 27936 | -4/Factory | System corruption reached 10% 28067 | -4/Factory | Lost 4 parts (1n2u1w) 28119 | -4/Factory | Lost 3 parts (3w) 28283 | -4/Factory | Lost 5 parts (1p2n1u1w) 28433 | -4/Factory | Identified exit to Research 28522 | -4/Factory | Lost 3 parts (1u2w) 28640 | -4/Factory | Entered Upper Caves 28803 | -4/Upper Caves | Spotted B-86 Titan 28817 | -4/Upper Caves | Core integrity fell below 50% 28823 | -4/Upper Caves | Destroyed B-86 Titan 28851 | -4/Upper Caves | Lost 4 parts (2n2w) 29045 | -4/Upper Caves | Lost 3 parts (1n2u) 29083 | -4/Upper Caves | Learned location of 1 exit from Research 29096 | -4/Upper Caves | Discovered new exit (range 5) 29115 | -4/Upper Caves | Entered another Upper Caves area 29276 | -4/Upper Caves | Build established: Scavenger-Tank 29376 | -4/Upper Caves | Encountered a Warlord checkpoint 29388 | -4/Upper Caves | Learned location of 1 exit from Research 29508 | -4/Upper Caves | Attracted the attention of an 0b10 checkpoint 29876 | -4/Upper Caves | Build established: Scavenger-Gunner 29915 | -4/Upper Caves | Discovered new exit (range 12) 29941 | -4/Upper Caves | Entered Zhirov 29941 | -4/Zhirov | Discovered new exit (range 3) 29986 | -4/Zhirov | Met Zhirov 30032 | -4/Zhirov | Learned location of Quarantine (-2) 30032 | -4/Zhirov | Learned location of Testing (-3) 30032 | -4/Zhirov | Learned location of Command (-1) 30053 | -4/Zhirov | Zhirov requested help retrieving the SGEMP Prototype 30089 | -4/Zhirov | Found Alien Artifact 30089 | -4/Zhirov | Identified Integrated Dissipator 30089 | -4/Zhirov | Installed Integrated Dissipator, increased core heat dissipation (+20) 30117 | -4/Zhirov | Found Alien Artifact 30358 | -4/Zhirov | Entered Proximity Caves 30390 | -3/Proximity Caves | Attracted the attention of an 0b10 checkpoint 30521 | -3/Proximity Caves | Spotter reported a threat 30578 | -3/Proximity Caves | Spotter reported a threat 30645 | -3/Proximity Caves | Self-destructed Last Messages --------------- 30522_ Slug penetrates Wall. 30525_ N-01 Spotter destroyed. 30527_ System corrupted: Mak. Light Armor Plating fused. 30532_ Lgt. Ion Engine fries itself beyond repair. 30532_ Acquired 7 matter. 30534_ Hover Unit fries itself beyond repair. 30546_ System corrupted: Matter fused (-8). 30561_ JPJVJ4LD,I6TN3YG